[ PARTIDA AOE2 · #461563345 ]
1v1 RMBereberes vs Khmer
Equipo del jugador · DERR
Equipo rival · VICT
[ ANÁLISIS DE REPETICIÓN · EXTRAÍDO DE LA PARTIDA GRABADA ]
Feudal
13:05
Castillos
22:05
Imperial
37:48
| APM promedio | 15.6 |
| APM pico | 44 |
| eAPM promedio | 10.3 |
| Aldeanos / militares | 79 / 139 |
Foco
⚔️ 27.7% · 🌾 72.3%
Genitour ×88 · Knight ×33 · Fire Galley ×11 · Fishing Ship ×9 · Mangonel ×4 · Transport Ship ×2
Feudal
14:03
Castillos
20:04
Imperial
34:06
| APM promedio | 22.6 |
| APM pico | 55 |
| eAPM promedio | 17.2 |
| Aldeanos / militares | 236 / 126 |
Foco
⚔️ 18.2% · 🌾 81.8%
Ballista Elephant ×76 · Spearman ×44 · Fishing Ship ×10 · Transport Ship ×4 · Trebuchet (Packed) ×2
Mapa de la partida
Recursos al inicio + cada clic de construcción. Línea gruesa = muro · recuadro discontinuo = muro de casas detectado. 🟡 oro · ⚪ piedra · 🟢 bayas · 🔶 jabalí · ⭕ reliquia
Inputs por minuto
— wookieesaurus teacup - - cleloandrade1
Build order — wookieesaurus teacup
Primeras 150 de 286 acciones detectadas
| 0:02 | Crear | Villager (Male) |
| 0:02 | Crear | Villager (Male) |
| 0:02 | Crear | Villager (Male) |
| 0:03 | Crear | Villager (Male) |
| 0:04 | Construir | House |
| 0:05 | Construir | House |
| 1:27 | Crear | Villager (Male) |
| 1:27 | Crear | Villager (Male) |
| 2:00 | Crear | Villager (Male) |
| 2:16 | Construir | Lumber Camp |
| 2:29 | Crear | Villager (Male) |
| 2:46 | Crear | Villager (Male) |
| 3:14 | Crear | Villager (Male) |
| 3:42 | Crear | Villager (Male) |
| 3:56 | Construir | Mill |
| 4:13 | Crear | Villager (Male) |
| 4:14 | Crear | Villager (Male) |
| 4:59 | Construir | House |
| 5:34 | Crear | Villager (Male) |
| 5:39 | Investigar | Loom |
| 5:39 | Crear | Villager (Male) |
| 6:26 | Construir | Palisade Wall |
| 6:33 | Construir | Building 804 |
| 6:35 | Crear | Villager (Male) |
| 6:43 | Crear | Villager (Male) |
| 7:21 | Construir | House |
| 7:26 | Crear | Villager (Male) |
| 7:54 | Construir | Dock |
| 8:20 | Crear | Villager (Male) |
| 8:26 | Construir | Farm |
| 8:27 | Construir | Farm |
| 8:34 | Crear | Fishing Ship |
| 8:34 | Crear | Fishing Ship |
| 8:35 | Crear | Fishing Ship |
| 8:35 | Crear | Fishing Ship |
| 8:35 | Crear | Fishing Ship |
| 8:46 | Crear | Villager (Male) |
| 9:03 | Construir | Palisade Wall |
| 9:10 | Construir | Building 796 |
| 9:27 | Construir | House |
| 9:31 | Crear | Villager (Male) |
| 10:03 | Construir | House |
| 10:05 | Crear | Villager (Male) |
| 10:06 | Crear | Villager (Male) |
| 10:20 | Construir | Farm |
| 10:21 | Construir | Farm |
| 10:22 | Construir | Farm |
| 10:47 | Investigar | Feudal Age |
| 10:53 | Construir | House |
| 10:57 | Construir | Mining Camp |
| 11:13 | Construir | Palisade Wall |
| 11:37 | Construir | Mining Camp |
| 11:41 | Crear | Villager (Male) |
| 11:45 | Crear | Villager (Male) |
| 12:30 | Construir | Outpost |
| 12:36 | Crear | Villager (Male) |
| 12:41 | Crear | Villager (Male) |
| 12:48 | Crear | Villager (Male) |
| 13:05 | Edad | Edad Feudal |
| 13:14 | Construir | Dock |
| 13:15 | Crear | Villager (Male) |
| 13:21 | Investigar | Double-Bit Axe |
| 13:25 | Investigar | Horse Collar |
| 13:28 | Investigar | Tech 906 |
| 13:50 | Construir | Outpost |
| 14:00 | Construir | Stone Wall |
| 14:05 | Construir | Stone Wall |
| 14:14 | Investigar | Town Watch |
| 14:16 | Crear | Villager (Male) |
| 14:24 | Construir | Barracks |
| 14:32 | Crear | Fire Galley |
| 14:59 | Construir | Lumber Camp |
| 15:00 | Crear | Villager (Male) |
| 15:10 | Construir | Outpost |
| 15:21 | Construir | Building 490 |
| 15:23 | Crear | Villager (Male) |
| 16:01 | Construir | Stable |
| 16:06 | Crear | Villager (Male) |
| 16:13 | Construir | House |
| 16:15 | Construir | House |
| 16:43 | Construir | Outpost |
| 17:03 | Construir | Blacksmith |
| 17:06 | Construir | Market |
| 17:07 | Crear | Villager (Male) |
| 17:18 | Crear | Fire Galley |
| 17:18 | Crear | Fire Galley ×2 |
| 17:19 | Crear | Fire Galley |
| 17:23 | Crear | Villager (Male) |
| 17:47 | Construir | House |
| 17:48 | Construir | House |
| 17:49 | Crear | Villager (Male) |
| 17:54 | Construir | Outpost |
| 17:56 | Crear | Villager (Male) |
| 18:21 | Construir | Farm |
| 18:27 | Crear | Fishing Ship |
| 18:28 | Crear | Fishing Ship |
| 19:05 | Construir | Archery Range |
| 19:23 | Construir | Stone Wall |
| 19:26 | Investigar | Castle Age |
| 19:30 | Construir | Farm |
| 19:30 | Construir | Farm |
| 19:31 | Construir | Farm |
| 19:41 | Construir | Stable |
| 20:08 | Investigar | Padded Archer Armor |
| 20:30 | Construir | Fish Trap |
| 20:36 | Construir | Fish Trap |
| 20:38 | Crear | Fishing Ship |
| 20:39 | Crear | Fishing Ship |
| 20:52 | Construir | House |
| 20:53 | Construir | House |
| 20:56 | Construir | House |
| 20:57 | Construir | House |
| 21:31 | Construir | Stone Wall |
| 21:36 | Construir | Building 490 |
| 21:48 | Investigar | Wheelbarrow |
| 21:51 | Investigar | Scale Barding Armor |
| 21:55 | Investigar | Forging |
| 22:05 | Investigar | Bloodlines |
| 22:05 | Edad | Edad de los Castillos |
| 22:27 | Construir | Fish Trap |
| 22:33 | Construir | Fish Trap |
| 22:37 | Crear | Fire Galley |
| 22:37 | Crear | Fire Galley |
| 22:41 | Investigar | Fletching |
| 22:47 | Crear | Villager (Male) |
| 22:54 | Construir | Outpost |
| 22:55 | Crear | Villager (Male) |
| 23:03 | Crear | Villager (Male) |
| 23:03 | Crear | Villager (Male) |
| 23:29 | Investigar | Bow Saw |
| 23:57 | Crear | Villager (Male) |
| 24:04 | Crear | Fire Galley |
| 24:05 | Crear | Fire Galley |
| 24:12 | Investigar | Heavy Plow |
| 24:20 | Crear | Villager (Male) |
| 24:22 | Construir | Farm |
| 25:00 | Construir | Castle |
| 25:02 | Crear | Villager (Male) |
| 25:31 | Crear | Villager (Male) |
| 25:32 | Crear | Villager (Male) |
| 25:49 | Construir | Town Center |
| 25:54 | Investigar | Hand Cart |
| 26:01 | Crear | Knight ×3 |
| 26:02 | Crear | Knight ×3 |
| 26:15 | Crear | Knight ×4 |
| 26:16 | Crear | Knight ×4 |
| 26:20 | Crear | Villager (Male) |
| 26:36 | Crear | Villager (Male) |
| 26:36 | Crear | Villager (Male) |
| 26:36 | Crear | Villager (Male) |
Build order — cleloandrade1
Primeras 150 de 429 acciones detectadas
| 0:00 | Crear | Villager (Male) |
| 0:01 | Crear | Villager (Male) |
| 0:01 | Crear | Villager (Male) |
| 0:03 | Construir | House |
| 0:05 | Construir | House |
| 0:11 | Crear | Villager (Male) |
| 0:11 | Crear | Villager (Male) |
| 0:24 | Construir | Mill |
| 1:39 | Crear | Villager (Male) |
| 1:39 | Crear | Villager (Male) |
| 2:04 | Crear | Villager (Male) |
| 2:05 | Crear | Villager (Male) |
| 2:32 | Crear | Villager (Male) |
| 2:33 | Crear | Villager (Male) |
| 2:41 | Crear | Villager (Male) |
| 3:00 | Crear | Villager (Male) |
| 3:34 | Crear | Villager (Male) |
| 3:59 | Crear | Villager (Male) |
| 3:59 | Crear | Villager (Male) |
| 4:08 | Construir | Lumber Camp |
| 4:28 | Crear | Villager (Male) |
| 4:28 | Crear | Villager (Male) |
| 4:30 | Crear | Villager (Male) |
| 4:30 | Crear | Villager (Male) |
| 5:03 | Crear | Villager (Male) |
| 5:07 | Construir | House |
| 5:15 | Construir | House |
| 5:26 | Crear | Villager (Male) |
| 5:26 | Crear | Villager (Male) |
| 5:56 | Crear | Villager (Male) |
| 5:57 | Crear | Villager (Male) |
| 6:12 | Crear | Villager (Male) |
| 6:44 | Construir | Dock |
| 6:49 | Crear | Villager (Male) |
| 7:17 | Construir | Mill |
| 7:31 | Construir | House |
| 7:33 | Construir | House |
| 7:35 | Construir | House |
| 7:45 | Crear | Villager (Male) |
| 7:45 | Crear | Villager (Male) |
| 7:46 | Crear | Villager (Male) |
| 7:46 | Crear | Villager (Male) |
| 7:52 | Crear | Fishing Ship |
| 7:57 | Crear | Fishing Ship |
| 8:01 | Crear | Villager (Male) |
| 8:24 | Construir | House |
| 8:47 | Construir | House |
| 9:00 | Crear | Fishing Ship |
| 9:01 | Crear | Fishing Ship |
| 9:33 | Construir | Palisade Gate |
| 9:44 | Construir | Building 796 |
| 9:45 | Crear | Villager (Male) |
| 9:46 | Crear | Villager (Male) |
| 9:46 | Crear | Villager (Male) |
| 9:46 | Crear | Villager (Male) |
| 9:46 | Crear | Villager (Male) |
| 9:47 | Crear | Villager (Male) |
| 9:59 | Crear | Fishing Ship |
| 10:12 | Construir | House |
| 10:13 | Construir | House |
| 10:15 | Construir | House |
| 10:21 | Construir | Building 796 |
| 10:53 | Construir | House |
| 11:01 | Crear | Villager (Male) |
| 11:02 | Investigar | Loom |
| 11:03 | Investigar | Feudal Age |
| 11:28 | Construir | Mining Camp |
| 12:21 | Crear | Villager (Male) |
| 12:21 | Crear | Villager (Male) |
| 13:02 | Crear | Transport Ship |
| 13:03 | Crear | Fishing Ship |
| 13:04 | Crear | Fishing Ship |
| 13:09 | Crear | Transport Ship |
| 13:10 | Crear | Transport Ship |
| 13:21 | Construir | Dock |
| 13:30 | Construir | House |
| 13:32 | Construir | House |
| 13:35 | Construir | House |
| 13:36 | Construir | House |
| 13:47 | Construir | Lumber Camp |
| 13:50 | Construir | House |
| 13:51 | Construir | House |
| 14:03 | Edad | Edad Feudal |
| 14:03 | Construir | Building 796 |
| 14:13 | Construir | Building 796 |
| 14:31 | Investigar | Double-Bit Axe |
| 14:36 | Crear | Fishing Ship |
| 14:47 | Investigar | Town Watch |
| 14:52 | Construir | Farm |
| 14:56 | Construir | Farm |
| 15:01 | Construir | Building 796 |
| 15:05 | Construir | Farm |
| 15:09 | Construir | Farm |
| 15:15 | Crear | Villager (Male) |
| 15:15 | Crear | Villager (Male) |
| 15:23 | Construir | Mining Camp |
| 15:31 | Construir | Farm |
| 15:35 | Crear | Transport Ship |
| 15:39 | Crear | Fishing Ship |
| 15:39 | Crear | Fishing Ship |
| 15:56 | Construir | Lumber Camp |
| 15:58 | Crear | Villager (Male) |
| 15:58 | Crear | Villager (Male) |
| 15:58 | Crear | Villager (Male) |
| 15:58 | Crear | Villager (Male) |
| 16:24 | Construir | Farm |
| 16:27 | Construir | Farm |
| 16:30 | Construir | Farm |
| 17:04 | Construir | Farm |
| 17:24 | Investigar | Castle Age |
| 17:40 | Construir | Fish Trap |
| 17:48 | Construir | Fish Trap |
| 17:59 | Construir | Fish Trap |
| 18:05 | Construir | Fish Trap |
| 18:10 | Construir | Fish Trap |
| 18:16 | Construir | Fish Trap |
| 18:17 | Crear | Villager (Male) |
| 18:17 | Crear | Villager (Male) |
| 18:18 | Crear | Villager (Male) |
| 18:45 | Construir | Outpost |
| 19:07 | Crear | Villager (Male) |
| 19:07 | Crear | Villager (Male) |
| 19:07 | Crear | Villager (Male) |
| 19:36 | Construir | Barracks |
| 19:46 | Construir | Blacksmith |
| 19:49 | Investigar | Horse Collar |
| 20:04 | Edad | Edad de los Castillos |
| 20:16 | Construir | Town Center |
| 20:19 | Crear | Villager (Male) |
| 20:19 | Crear | Villager (Male) |
| 20:19 | Crear | Villager (Male) |
| 20:19 | Crear | Villager (Male) |
| 20:20 | Crear | Villager (Male) |
| 20:37 | Construir | Castle |
| 20:45 | Crear | Spearman |
| 20:45 | Crear | Spearman |
| 20:45 | Crear | Spearman |
| 20:47 | Investigar | Pikeman (upgrade) |
| 20:54 | Construir | House |
| 20:55 | Construir | House |
| 21:01 | Construir | House |
| 21:07 | Construir | Building 796 |
| 21:09 | Construir | House |
| 21:10 | Construir | House |
| 21:12 | Construir | House |
| 21:17 | Construir | House |
| 21:18 | Construir | House |
| 21:19 | Construir | House |
| 21:24 | Crear | Villager (Male) |
| 21:24 | Crear | Villager (Male) |
Cronología de la partida
| 6:26 | wookieesaurus teacup · wall_segment Palisade Wall x12 |
| 6:44 | cleloandrade1 · first_building Dock |
| 7:54 | wookieesaurus teacup · first_building Dock |
| 9:03 | wookieesaurus teacup · wall_segment Palisade Wall x4 |
| 11:13 | wookieesaurus teacup · wall_segment Palisade Wall x6 |
| 13:05 | wookieesaurus teacup · age_up feudal |
| 14:00 | wookieesaurus teacup · wall_segment Stone Wall x2 |
| 14:03 | cleloandrade1 · age_up feudal |
| 14:05 | wookieesaurus teacup · wall_segment Stone Wall x5 |
| 14:24 | wookieesaurus teacup · first_building Barracks |
| 16:01 | wookieesaurus teacup · first_building Stable |
| 19:05 | wookieesaurus teacup · first_building Archery Range |
| 19:23 | wookieesaurus teacup · wall_segment Stone Wall x4 |
| 19:36 | cleloandrade1 · first_building Barracks |
| 20:04 | cleloandrade1 · age_up castle |
| 20:37 | cleloandrade1 · first_building Castle |
| 21:31 | wookieesaurus teacup · wall_segment Stone Wall x6 |
| 22:01 | wookieesaurus teacup · first_market_buy 100 food |
| 22:05 | wookieesaurus teacup · age_up castle |
| 25:00 | wookieesaurus teacup · first_building Castle |
| 26:11 | wookieesaurus teacup · first_market_sell 100 wood |
| 26:57 | cleloandrade1 · wall_segment Stone Wall x7 |
| 28:18 | wookieesaurus teacup · first_building Monastery |
| 33:58 | wookieesaurus teacup · first_building Siege Workshop |
| 34:06 | cleloandrade1 · age_up imperial |
| 35:16 | cleloandrade1 · first_market_sell 100 food |
| 37:47 | wookieesaurus teacup · wall_segment Stone Wall x6 |
| 37:48 | wookieesaurus teacup · age_up imperial |
| 43:40 | wookieesaurus teacup · resign |
[ ANÁLISIS IA · 1 CRÉDITO ]
¿Qué pasó realmente en esta partida?
Wolo.gg analiza cada decisión: build order, eco, micro, errores típicos por bracket. Análisis personalizado por WhatsApp o Discord en 30 segundos.
Guía civ
Bereberes
Guía mapa
MegaRandom
Perfil
wookieesaurus teacup